 Dungeon Crawl Stone Soup version 0.30-a0-719-gcc4359ea44 (webtiles) character file.

Game seed: 15867403613461528840

32 Absynth the Trooper (level 3, 0/29 HPs)
             Began as a Demonspawn Berserker on Jan 26, 2023.
             Was a Follower of Trog.
             Slain by a gnoll
             ... wielding a +0 whip
              (7 damage)
             ... on level 1 of the Dungeon.
             The game lasted 00:01:27 (1117 turns).

Absynth the Trooper (Demonspawn Berserker)          Turns: 1117, Time: 00:01:28

Health: 0/29       AC:  2    Str: 19    XL:     3   Next: 10%
Magic:  3/3        EV: 12    Int:  8    God:    Trog [*.....]
Gold:   56         SH:  0    Dex: 12    Spells: 2/2 levels left

rFire   . . .      SeeInvis .    a - +0 hand axe
rCold   . . .      Faith    .    (no shield)
rNeg    . . .      Spirit   .    b - +0 animal skin
rPois   .          Reflect  .    (no helmet)
rElec   .          Harm     .    (no cloak)
rCorr   .          Rampage  .    (no gloves)
Will    .....                    (no boots)
Stlth   +                        (no amulet)
HPRegen 0.24/turn                (no ring)
MPRegen 0.08/turn                (no ring)

@: no status effects
A: demonic guardian 1
a: Renounce Religion, Berserk


You were on level 1 of the Dungeon.
You worshipped Trog.
Trog was aware of your devotion.
You visited 1 branch of the dungeon, and saw 2 of its levels.

You collected 56 gold pieces.

Inventory:

Hand Weapons
 a - a +0 hand axe (weapon)
Armour
 b - a +0 animal skin (worn)
Scrolls
 c - a scroll of amnesia {unknown}
 f - a scroll of fog {unknown}
 g - a scroll of poison {unknown}
 h - a scroll of identify {unknown}
 j - a scroll of enchant armour {unknown}
Potions
 d - 2 potions of heal wounds {unknown}
 e - a potion of lignification {unknown}
 i - a potion of brilliance {unknown}


   Skills:
 + Level 3.2 Fighting
 * Level 3.2 Axes
 + Level 2.1 Armour
 + Level 2.1 Dodging


You had 2 spell levels left.
You didn't know any spells.
Your spell library was empty.

Dungeon Overview and Level Annotations

Branches:
Dungeon (2/15)

Altars:


Innate Abilities, Weirdness & Mutations

A weak demonic guardian rushes to your aid.


Message History

Trog accepts your kill. The bat closely misses you. The bat barely misses you.
You barely miss the bat. The bat closely misses you.
A gnoll comes into view. It is wielding a +0 whip.
Found a scroll labelled KOKLACZU ENKAR.
The gnoll shouts!
The bat barely misses you.
A rat comes into view.
Things that are here:
a +0 whip; a scroll labelled UVEPHI AMIONUS; a kobold corpse
Found a stone staircase leading up.
The bat misses you.
A gnoll comes into view. It is wielding a +0 flail.
The gnoll hits you with a +0 halberd.
You closely miss the gnoll. You hit the bat.
You kill the bat!
Trog accepts your kill.
A gnoll comes into view. It is wielding a +0 whip.
The gnoll closely misses you.
The gnoll shouts!
You hit the gnoll.
The gnoll is lightly wounded.
A hobgoblin comes into view.
The gnoll closely misses you. The gnoll barely misses you.
Things that are here:
a +0 whip; a scroll labelled UVEPHI AMIONUS; a kobold corpse
There is a stone staircase leading up here.
The gnoll hits you from afar with a +0 halberd!
* * * LOW HITPOINT WARNING * * *
A demonic guardian appears!
You climb upwards.
There is a stone staircase leading down here.
You hit the gnoll.
The gnoll is lightly wounded.
The gnoll hits you with a +0 whip.
* * * LOW HITPOINT WARNING * * *
You hit the gnoll but do no damage.
The gnoll is lightly wounded.
The gnoll hits you with a +0 whip!
You die...

#.###.# ##...###.....>...#
......# ##.## #.###.###.#
......# #.# #.# #.# #.#
#.###.# #.# #.# #.###.#
#.###.# ##'## #.###.....#
#.....# ##...###.........#
####..# ##.....#########.##
###...# ##.......## ##.#.#
......###.......@.####....#
........'........g+.......#
##...####.........####....##
##..# ##.......## ##.#..#
##.# ##.....## ####.# ###.#
##...## #.# #...# ##'## #.#
#.### #.# ##### #.# #.# #.#
#...###.#


You could see a gnoll.

Vanquished Creatures
  2 dart slugs (D:1)
  A ball python (D:1)
  2 endoplasms (D:1)
  4 giant cockroaches (D:1)
  3 goblins (D:1)
  3 hobgoblins (D:1)
  A kobold (D:2)
  2 quokkas (D:1)
  2 bats
  A rat (D:1)
21 creatures vanquished.

Vanquished Creatures (collateral kills)
  A jackal (D:1)
  A kobold (D:1)
2 creatures vanquished.

Grand Total: 23 creatures vanquished

Notes
Turn   | Place    | Note
-------+----------+-------------------------------------------
     0 | D:1      | Absynth the Demonspawn Berserker began the quest for the
                  | Orb.
     0 | D:1      | Reached XP level 1. HP: 18/18 MP: 1/1
   134 | D:1      | Gained mutation: A weak demonic guardian rushes to your
                  | aid. [demonic ancestry]
   134 | D:1      | Reached XP level 2. HP: 20/24 MP: 2/2
   737 | D:1      | Reached XP level 3. HP: 22/29 MP: 3/3
  1117 | D:1      | Slain by a gnoll

Illustrated notes

Levels and vault maps discovered:
D:1:      eino_arrival_cavern_b, layout_loops_corners, minmay_split_cup_large
D:2:      layout_loops_ring, chequers_ecumenical_altar_simple_redux,
          basic_altar, serial_bayou_lake_a, uniq_crazy_yiuf_cottage,
          uniq_sigmund

Skill      XL: |  1  2 |
---------------+-------+-----
Axes           | 3 |  3.2
Armour         | 2 |  2.1
Dodging        | 2 |  2.1
Fighting       | |  3.2

Action                     || total
---------------------------++-------
  Melee: Hand axe          ||    73
   Stab: Sleeping          ||     2
 Armour: Animal skin       ||    10
  Dodge: Dodged            ||    46

Table legend: (Time is in decaauts)
 A = Elapsed time spent in this place.
 B = Non-inter-level travel time spent in this place.
 C = Inter-level travel time spent in this place.
 D = Time resting spent in this place.
 E = Time spent auto-exploring this place.
 F = Levels seen in this place.
 G = Mean time per level.
                   A        B        C        D        E       F      G
               +--------+--------+--------+--------+--------+-----+--------+
         Total |   1128 |   1096 |     32 |      0 |    925 |   2 |  564.0 |
       Dungeon |   1128 |   1096 |     32 |      0 |    925 |   2 |  564.0 |
               +--------+--------+--------+--------+--------+-----+--------+

Top non-repeatable levels by time:
     D:1: 1100 daAuts
     D:2: 28 daAuts
